 Dungeon Crawl Stone Soup version 0.23.2-40-g277498a001 (webtiles) character file.

Game seed: 17142121686366198994

175 Curus the Changer (level 5, -3/37 HPs)
             Began as a Merfolk Transmuter on Sept 24, 2019.
             Slain by an orc
             ... wielding a +0 war axe
              (6 damage)
             ... on level 3 of the Dungeon.
             The game lasted 00:08:29 (2498 turns).

Curus the Changer (Merfolk Transmuter)              Turns: 2498, Time: 00:08:30

Health: -3/37      AC:  2    Str: 11      XL:     5   Next: 55%
Magic:  3/8        EV: 21    Int: 12 (13) God:
Gold:   159        SH:  0    Dex: 19      Spells: 4/8 levels left

rFire    . . .     SeeInvis .     - Unarmed
rCold    . . .     Gourm    .   (shield currently unavailable)
rNeg     . . .     Faith    .   (armour currently unavailable)
rPois    x         Spirit   .   (helmet currently unavailable)
rElec    .         Reflect  .   (cloak currently unavailable)
rCorr    .         Harm     +   (gloves currently unavailable)
MR       .....                  (boots currently unavailable)
Stlth    ++........             f - amulet of harm
HPRegen  0.12/turn              (no ring)
MPRegen  0.11/turn              (no ring)

@: spider-form (expiring), very slightly contaminated
A: tiny, (change form in water), (swift swim), (stealthy swim)
a: End Transformation


You were on level 3 of the Dungeon.
You were very hungry.
You were a venomous arachnid creature.
You visited 1 branch of the dungeon, and saw 3 of its levels.

You collected 159 gold pieces.

Inventory:

Missiles
 a - 12 arrows
Armour
 b - a +0 robe (melded)
Jewellery
 f - an amulet of harm (around neck)
Scrolls
 e - 3 scrolls of amnesia
 h - 2 scrolls of teleportation
Potions
 c - a potion of curing
 g - a potion of agility
Comestibles
 d - 3 rations


   Skills:
 - Level 1.1 Fighting
 - Level 2.6 Dodging
 - Level 4.5 Unarmed Combat
 - Level 2.0 Spellcasting
 + Level 4.8 Transmutations
 + Level 3.1 Poison Magic


You had 4 spell levels left.
You knew the following spells:

 Your Spells              Type           Power        Failure   Level  Hunger
a - Beastly Appendage     Tmut           ##....       12%         1    ##.....
b - Spider Form           Tmut/Pois      ##........   34%         3    ####...

Your spell library contained the following spells:

 Spells                   Type           Power        Failure   Level  Hunger
 Sticks to Snakes         Tmut           ##......     16%         2    ###....
 Ice Form                 Ice/Tmut       #.......     86%         4    #####..
 Blade Hands              Tmut           ##........   87%         5    ######.


Dungeon Overview and Level Annotations

Branches:
Dungeon (3/15)

Altars:


Message History

You closely miss the kobold. The orc hits you with a +0 war axe.
* * * LOW HITPOINT WARNING * * *
The kobold hits you but does no damage.
You closely miss the kobold. The orc closely misses you.
The kobold completely misses you.
You closely miss the kobold. The orc misses you.
The kobold wields a +0 blowgun.
The kobold shoots a poisoned needle.
The poisoned needle closely misses you.
A leopard gecko comes into view.
You see here a poisoned needle.
The orc barely misses you.
The kobold unwields a +0 blowgun.
The kobold hits you.
* * * LOW HITPOINT WARNING * * *
Items here: (( †† 25 stones; a tomahawk; a hobgoblin corpse; an adder corpse The leopard gecko hisses angrily.
You hit the kobold.
The kobold is poisoned.
The kobold is moderately wounded.
The orc hits you with a +0 war axe.
You die...

... ###.......##### ..##
####.#....... ...###
#......### #...# ###..#..#
#..# ##)†..# #..### #.#..# .
##...l## #.#..##
.%..###...#wo###########>#....
......gK..##Ks(....(..##.#..##
)##w..o..############..#.##.#
#...##### ##...##.# ....
##..##.## ... ##...... ##
#..##.. ##.##.. ######.##..
#..........


You could see a dart slug, an orc, a leopard gecko and a kobold.

Vanquished Creatures
  A scorpion (D:3)
  5 adders (D:3)
  An adder zombie (D:2)
  3 worms
  2 dart slugs
  An orc (D:3)
  A bat skeleton (D:2)
  A bat zombie (D:2)
  2 giant cockroaches (D:1)
  3 goblins
  7 hobgoblins
  9 jackals
  A quokka (D:3)
  A ball python (D:3)
  4 bats
  7 frilled lizards
  6 kobolds
  A leopard gecko zombie (D:2)
  A quokka zombie (D:2)
  12 rats
69 creatures vanquished.

Notes
Turn   | Place    | Note
-------+----------+-------------------------------------------
     0 | D:1      | Curus the Merfolk Transmuter began the quest for the Orb.
     0 | D:1      | Reached XP level 1. HP: 15/15 MP: 3/3
   217 | D:1      | Reached XP level 2. HP: 17/21 MP: 5/5
   434 | D:1      | Reached XP level 3. HP: 19/26 MP: 4/6
   441 | D:1      | Learned a level 3 spell: Spider Form
  1645 | D:2      | Reached skill level 1 in Poison Magic
  2096 | D:3      | Reached XP level 4. HP: 22/32 MP: 3/7
  2393 | D:3      | Reached XP level 5. HP: 18/37 MP: 4/8
  2498 | D:3      | Slain by an orc

Skill      XL: |  1  2  3  4  5 |
---------------+----------------+-----
Unarmed Combat | 4 |  4.5
Transmutations | 3 4 |  4.8
Poison Magic   | 1 2 3 |  3.1
Fighting       | |  1.1
Dodging        | |  2.6
Spellcasting   | |  2.0

Action                   |  1- 3 |  4- 6 || total
-------------------------+-------+-------++-------
Melee: Unarmed           |   160 |    65 ||   225
       Punch             |     3 |       ||     3
       Headbutt          |     6 |     3 ||     9
 Cast: Beastly Appendage |     7 |     2 ||     9
       Spider Form       |     3 |     3 ||     6
  Use: Potion            |     7 |     2 ||     9
       Scroll            |     4 |       ||     4
 Stab: Sleeping          |     6 |       ||     6
  Eat: Chunk             |     4 |     1 ||     5
Armor: Robe              |    29 |    11 ||    40
       Skin              |     3 |     3 ||     6
Dodge: Dodged            |   114 |    51 ||   165
